 Dungeon Crawl Stone Soup version 0.22-a0-748-g283c1ef38e (webtiles) character file.

280 RKaid the Poker (level 6, -1/33 HPs)
             Began as a Vine Stalker Chaos Knight on July 15, 2018.
             Slain by a gnoll
             ... wielding a +0 halberd
              (16 damage)
             ... on level 3 of the Dungeon.
             The game lasted 00:10:35 (2699 turns).

RKaid the Poker (Vine Stalker Chaos Knight)         Turns: 2699, Time: 00:10:35

Health: -1/33      AC: 14    Str: 16    XL:     6   Next: 27%
Magic:  0/7        EV: 11    Int: 12    God:    Xom [*.....]
Gold:   133        SH:  0    Dex: 19    Spells: 5/5 levels left

rFire    . . .     SeeInvis .   a - +0 spear (chaos)
rCold    . . .     Gourm    .   (no shield)
rNeg     . . .     Faith    .   r - +3 scale mail
rPois    .         Spirit   +   (no helmet)
rElec    .         Reflect  .   (no cloak)
rCorr    .         Harm     .   (no gloves)
MR       .....                  (no boots)
Stlth    ..........             (no amulet)
HPRegen  0.51/turn              h - +5 ring of protection
MPRegen  0.10/turn              g - +5 ring of dexterity

@: no status effects
A: fangs 2, regeneration 1, magic shield, antimagic bite, no potion heal 3, rot
immunity
a: Renounce Religion


You were on level 3 of the Dungeon.
You worshipped Xom.
You were a special plaything of Xom.
You were not hungry.

You visited 1 branch of the dungeon, and saw 3 of its levels.

You collected 133 gold pieces.

Inventory:

Hand Weapons
 a - a +0 spear of chaos (weapon)
 b - a +0 blowgun
   (You took it off a kobold on level 3 of the Dungeon)
 u - a +1 dagger of venom
   (You took it off a goblin on level 1 of the Dungeon)
Missiles
 v - 6 curare-tipped needles
Armour
 r - a +3 scale mail (worn)
   (You took it off Terence on level 1 of the Dungeon)
Jewellery
 g - a +5 ring of dexterity (right hand)
   (You found it on level 1 of the Dungeon)
 h - a +5 ring of protection (left hand)
   (You found it on level 2 of the Dungeon)
 i - an uncursed ring of positive energy {rN+}
   (Xom gifted it to you on level 1 of the Dungeon)
 s - an uncursed ring of positive energy {rN+}
   (You found it on level 2 of the Dungeon)
Scrolls
 d - 4 scrolls of identify {unknown}
 j - 2 scrolls of fear
 l - 3 scrolls of teleportation {unknown}
 p - a scroll of magic mapping {unknown}
 q - a scroll of enchant weapon {unknown}
 t - 3 scrolls of remove curse {unknown}
Potions
 e - a potion of might {unknown}
 f - a potion of lignification {unknown}
 k - a potion of resistance {unknown}
 m - a potion of ambrosia {unknown}
 o - 2 potions of magic {unknown}
Comestibles
 c - 7 rations
 n - 8 chunks of flesh


   Skills:
 + Level 3.8 Fighting
 * Level 4.8 Polearms
 - Level 1.5 Armour
 + Level 2.4 Dodging


You had 5 spell levels left.
You didn't know any spells.
Your spell library was empty.

Dungeon Overview and Level Annotations

Branches:
Dungeon (3/15)

Altars:
Elyvilon
Hepliaklqana
Qazlal
Uskayaw
Xom


Innate Abilities, Weirdness & Mutations

You have extremely sharp teeth.
Your natural rate of healing is unusually fast.
When hurt, damage is shared between your health and your magic reserves.
Your bite disrupts and absorbs the magic of your enemies.
Potions cannot restore your health.
You are immune to rotting.


Message History

You strike the helpless adder from behind!
You hit the adder. The adder bites you but does no damage.
You hit the adder. You burn the adder.
You kill the adder!
No target in view!
You see here a stone.
You see here a dart slug corpse.
You butcher the dart slug corpse.
n - 5 chunks of flesh (gained 1)
Found an escape hatch in the floor.
Things that are here:
a mace; 5 stones
t - 2 scrolls labeled HEUMUN XAYPS (gained 1)
You see here a stone.
There is a stone staircase leading up here.
You see here 4 stones.
You butcher the gnoll corpse.
n - 6 chunks of flesh (gained 1)
Things that are here:
a club; a gnoll skeleton
Things that are here:
a club; a gnoll skeleton The rat is too close now for your liking.
Things that are here:
a club; a gnoll skeleton You see here a quokka skeleton.
You hit the rat. You freeze the rat.
You kill the rat!
No target in view!
You see here a scorpion corpse.
The quokka is too close now for your liking.
You see here a scroll labeled SOAFIT VIGOA.
Attack whom?
Press: ? - help, Dir - move target cursor, f - quokka
Aim: a quokka You reach to attack!
You barely miss the quokka. You barely miss the quokka.
The quokka barely misses you.
You hit the quokka but do no damage.
The quokka bites you but does no damage.
You hit the quokka but do no damage.
The quokka bites you but does no damage.
You hit the quokka but do no damage.
The quokka seems to speed up.
Xom thinks this is hilarious!
Your bite misses the quokka. The quokka closely misses you.
The quokka bites you but does no damage.
You closely miss the quokka. You bite the quokka. You drain its power.
The quokka bites you.
You barely miss the quokka. Your bite misses the quokka.
The quokka completely misses you. The quokka barely misses you.
You hit the quokka.
You kill the quokka!
l - 3 scrolls labeled SOAFIT VIGOA (gained 1)
You see here a quokka corpse.
You butcher the quokka corpse.
n - 8 chunks of flesh (gained 2)
t - 3 scrolls labeled HEUMUN XAYPS (gained 1)
A ball python comes into view.
The ball python hisses angrily.
The ball python moves out of view.
The ball python is too close now for your liking.
A goblin and a gnoll come into view.
The goblin shouts!
The gnoll shouts!
A gnoll comes into view. It is wielding a halberd.
A gnoll comes into view. It is wielding a club.
The gnoll shouts! x2
Found a stone staircase leading down.
Attack whom?
Press: ? - help, Dir - move target cursor, f - ball python
Aim: a ball python You reach to attack!
You closely miss the ball python.
The ball python bites you but does no damage.
The ball python barely misses you.
You barely miss the ball python.
You bite the ball python, but do no damage.
The ball python bites you but does no damage.
The ball python grabs you. The ball python constricts you.
You hit the ball python.
You hear a whooshing sound.
You kill the ball python!
Attack whom?
Press: ? - help, Dir - move target cursor, f - gnoll
Aim: a gnoll, wielding a halberd You reach to attack!
You closely miss the gnoll. The gnoll barely misses you.
Attack whom?
Press: ? - help, Dir - move target cursor, f/p - gnoll
Aim: a gnoll, wielding a halberd You reach to attack!
You hit the gnoll but do no damage.
The gnoll goes berserk!
Press: ? - help, v - describe, . - travel
Here: a gnoll, wielding a halberd (berserk, fast, unusually strong)
The floor.
You barely miss the gnoll. Your bite misses the gnoll.
The gnoll hits you with a halberd.
You hit the gnoll.
The gnoll is poisoned.
The gnoll closely misses you.
You barely miss the gnoll. Your bite misses the gnoll.
The gnoll closely misses you.
You hit the gnoll. You burn the gnoll. You bite the gnoll, but do no damage.
The gnoll hits you with a halberd!! The gnoll hits you with a halberd!!
You die...

............ #.
....g...... ..
#..g.#..... #.#..........
... .... #.........####
.. .....
#....##.##.###.......
#...g##.##..........
#.##.gg....##.....#####
#.##.##@....#.##..##..##
##...........#.#(.......#
#......#.##..#÷).........
#......#.#..(<)†.........
#......#..)..#.#........#
#..............#........#
#......##............>...
#..........#...(.........
#.>....#...#..##........#


You could see 2 gnolls and a goblin.

Vanquished Creatures
  A scorpion (D:3)
  An orc wizard (D:3)
  A worker ant (shapeshifter) (D:2)
  Natasha (twice) (D:2)
  2 gnolls (D:3)
  2 adders
  A worm (D:2)
  3 dart slugs
  A leopard gecko (D:2)
  6 orcs
  5 giant cockroaches
  7 goblins
  6 hobgoblins
  4 jackals
  2 quokkas (D:3)
  2 ball pythons
  8 bats
  9 frilled lizards
  5 kobolds
  5 rats
73 creatures vanquished.

Vanquished Creatures (collateral kills)
  Terence (D:1)
1 creature vanquished.

Grand Total: 74 creatures vanquished

Notes
Turn   | Place    | Note
-------+----------+-------------------------------------------
     0 | D:1      | RKaid the Vine Stalker Chaos Knight began the quest for the Orb.
     0 | D:1      | Reached XP level 1. HP: 11/11 MP: 2/2
   148 | D:1      | XOM: harmless Hex miscast
   171 | D:1      | Reached skill level 1 in Dodging
   220 | D:1      | Reached skill level 3 in Polearms
   220 | D:1      | Reached XP level 2. HP: 15/16 MP: 1/3
   423 | D:1      | XOM: divination: magic mapping
   768 | D:2      | HP: 4/16 [jackal (3)]
   780 | D:2      | HP: 3/16 [jackal (1)]
   784 | D:1      | Reached XP level 3. HP: 4/19 MP: 1/4
  1043 | D:2      | XOM: harmless Air miscast
  1101 | D:2      | Reached skill level 3 in Fighting
  1256 | D:2      | Noticed Terence
  1275 | D:1      | HP: 4/20 [Terence/flail (2)]
  1280 | D:1      | XOM: god gift: runed iron ring {god gift}
  1281 | D:1      | XOM: summons 2 friendly demons
  1284 | D:1      | Killed Terence
  1686 | D:2      | XOM: polymorph kobold -> orc
  1785 | D:2      | Gained mutation: Your natural rate of healing is unusually fast. [Vine Stalker growth]
  1785 | D:2      | Reached XP level 4. HP: 24/24 MP: 5/5
  1805 | D:2      | Found a white marble altar of Elyvilon.
  1809 | D:2      | Found a hide-covered altar of Uskayaw.
  1813 | D:2      | Found a stormy altar of Qazlal.
  1937 | D:2      | XOM: scenery: create altars
  1966 | D:2      | XOM: scenery: create altars
  2007 | D:2      | Noticed Natasha
  2014 | D:2      | Killed Natasha
  2047 | D:2      | Noticed Natasha
  2055 | D:2      | Killed Natasha
  2055 | D:2      | Reached skill level 4 in Polearms
  2055 | D:2      | Reached XP level 5. HP: 26/28 MP: 4/6
  2318 | D:3      | Found a hazy altar of Hepliaklqana.
  2335 | D:3      | Reached skill level 2 in Dodging
  2501 | D:3      | XOM: polymorph adder -> frilled lizard
  2510 | D:2      | XOM: polymorph gnoll -> frilled lizard
  2562 | D:3      | Reached XP level 6. HP: 31/33 MP: 7/7
  2695 | D:3      | RKaid: ??halberd
  2695 | D:3      | beem: halberd[1/1]: (polearms; -3 acc / 13 dam / 1.5 base delay / 0.7 min delay; two handed). A polearm consisting of an axe blade topped with a spike, mounted on a long shaft. Halberds chop hydra heads.
  2699 | D:3      | Slain by a gnoll

Vault maps used:
D:1:      tarquinn_simple_flora_water_b, moated_statue, corner_web_ring,
          nrook_uturn
D:2:      minitemple, first_ration, minmay_goblin_kobold_house, uniq_natasha,
          uniq_terence
D:3:      lemuel_doored_altar, st_stairs_5

Skill      XL: |  1  2  3  4  5 |
---------------+----------------+-----
Dodging        | 1 2 |  2.4
Polearms       | 3 4 |  4.8
Fighting       | 3 |  3.8
Armour         | |  1.5

Action                   |  1- 3 |  4- 6 || total
-------------------------+-------+-------++-------
Melee: Spear             |   112 |   134 ||   246
       Bite              |    26 |    37 ||    63
  Use: Scroll            |     1 |     1 ||     2
       Potion            |     1 |       ||     1
 Stab: Petrified         |       |     5 ||     5
       Paralysed         |       |     2 ||     2
       Petrifying        |       |     3 ||     3
       Confused          |       |     1 ||     1
  Eat: Chunk             |     3 |     3 ||     6
Armor: Leather armour    |    21 |       ||    21
       Scale mail        |     4 |    52 ||    56
Dodge: Dodged            |    47 |    62 ||   109

Table legend:
 A = Spawn XP
 B = Non-spawn XP
 C = Spawn XP percentage of total XP
 D = Spawn monster count
 E = Non-spawn monster count
 F = Spawn count percentage of total count
 G = Total turns spent on level
                    A         B        C        D         E        F      G
               +---------+---------+-------+---------+---------+-------+---------
         Total |       0 |     400 |   0.0 |       0 |      74 |   0.0 |  2699
               +---------+---------+-------+---------+---------+-------+---------
           D:1 |       0 |      48 |   0.0 |       0 |      19 |   0.0 |  1292
           D:2 |       0 |     166 |   0.0 |       0 |      32 |   0.0 |  1046
           D:3 |       0 |     186 |   0.0 |       0 |      23 |   0.0 |   361
               +---------+---------+-------+---------+---------+-------+---------

Table legend:
 A = Turns spent in this place as a percentage of turns spent in the entire game.
 B = Non-inter-level travel turns spent in this place as a percentage of non-inter-level travel turns spent in the entire game.
 C = Inter-level travel turns spent in this place as a percentage of turns spent in this place.
 D = Turns resting spent in this place as a percentage of non-inter-level travel turns spent in this place.
 E = Turns spent auto-exploring this place as a percentage of non-inter-level travel turns spent in this place.
 F = Non-inter-level travel turns spent in this place divided by the number of levels of this place that you've seen.
                   A       B       C       D       E      F
               +-------+-------+-------+-------+-------+----------------------
         Total | 100.0 | 100.0 |   7.2 |  21.5 |  53.6 | 835.3
       Dungeon | 100.0 | 100.0 |   7.2 |  21.5 |  53.6 | 835.3
               +-------+-------+-------+-------+-------+----------------------

Table legend:
 A = Kills in this place as a percentage of kills in entire the game.
 B = Kills by you in this place as a percentage of kills by you in the entire game.
 C = Kills by friends in this place as a percentage of kills by friends in the entire game.
 D = Other kills in this place as a percentage of other kills in the entire game.
 E = Experience gained in this place as a percentage of experience gained in the entire game.
 F = Experience gained in this place divided by the number of levels of this place that you have seen.
                   A       B       C       D       E      F
               +-------+-------+-------+-------+-------+----------------------
         Total | 100.0 | 100.0 | 100.0 |   N/A | 100.0 | 133.3
       Dungeon | 100.0 | 100.0 | 100.0 |   N/A | 100.0 | 133.3
               +-------+-------+-------+-------+-------+----------------------
